 Dungeon Crawl Stone Soup version 0.27-a0-1359-ga2a4dfd6fd (webtiles) character file.

Game seed: 11986177045964512484

34 dinky3 the Sneak (level 3, -2/19 HPs)
             Began as a Spriggan Delver on June 28, 2021.
             Was an Initiate of Ru.
             Killed by nerve-wracking pain
             ... invoked by Jessica
              (12 damage)
             ... on level 2 of the Dungeon.
             The game lasted 00:04:01 (714 turns).

dinky3 the Sneak (Spriggan Delver)                   Turns: 714, Time: 00:04:01

Health: -2/19      AC:  2    Str:  8    XL:     3   Next: 14%
Magic:  4/4        EV: 18    Int: 12    God:    Ru [......]
Gold:   28         SH:  0    Dex: 16    Spells: 2/2 levels left

rFire    . . .     SeeInvis +   a - +0 short sword
rCold    . . .     Faith    .   (shield restricted)
rNeg     . . .     Spirit   .   b - +0 robe
rPois    .         Reflect  .   (helmet restricted)
rElec    .         Harm     .   (no cloak)
rCorr    .         Rampage  .   (gloves unavailable)
Will     .....                  (boots unavailable)
Stlth    ++++......             (no amulet)
HPRegen  0.06/turn              (no ring)
MPRegen  0.09/turn              (no ring)

@: attractive, slowed, quick
A: very small, no large weapons, unfitting armour, see invisible, speed 3
a: Renounce Religion


You were on level 2 of the Dungeon.
You worshipped Ru.
Ru was noncommittal.
You visited 2 branches of the dungeon, and saw 6 of its levels.

You collected 28 gold pieces.

Inventory:

Hand Weapons
 a - a +0 short sword (weapon)
Armour
 b - a +0 robe (worn)
Wands
 g - a wand of digging (1)
Scrolls
 c - a scroll of fog
 d - a scroll of teleportation {unknown}
 e - a scroll of fear
 j - a scroll of identify {unknown}
 m - a scroll of amnesia {unknown}
 n - 3 scrolls of magic mapping
 o - a scroll of torment {unknown}
Potions
 f - a potion of haste
 h - a potion of attraction
 k - a potion of lignification {unknown}
 l - a potion of resistance {unknown}
 p - a potion of invisibility {unknown}


   Skills:
 + Level 2.7 Fighting
 + Level 2.7 Short Blades
 - Level 3.2 Dodging
 + Level 7.7 Stealth


You had 2 spell levels left.
You didn't know any spells.
Your spell library contained the following spells:

 Spells                   Type           Power      Damage    Failure   Level
 Freeze                   Ice            0%         1d3       32%         1
 Frozen Ramparts          Ice            0%         1d2       69%         3
 Ozocubu's Armour         Ice            0%         N/A       69%         3
 Hailstorm                Conj/Ice       0%         3d3       97%         4
 Metabolic Englaciation   Hex/Ice        0%         N/A       100%        5


Dungeon Overview and Level Annotations

Branches:
Dungeon (5/15)             Temple (1/1) D:5

Altars:
Cheibriados
Dithmenos
Elyvilon
Kikubaaqudgha
Makhleb
Qazlal
Ru
Sif Muna
Yredelemnul

Annotations:
D:2 Jessica
D:4 Sigmund


Innate Abilities, Weirdness & Mutations

You are very small and have problems with some larger weapons.
You are too small for most types of armour.
You have supernaturally acute eyesight. (SInv)
You cover ground extremely quickly. (Speed+++)


Message History

There is a stone staircase leading down here.
Okay, then.
You climb downwards. 4 jackals come into view.
Found 19 gold pieces.
Found a stone staircase leading down.
There is a stone staircase leading up here.
The helpless jackal fails to defend itself.
You impale the jackal!!
You kill the jackal!
The helpless jackal fails to defend itself.
You impale the jackal!!
You kill the jackal!
You see here a jackal corpse.
The helpless jackal fails to defend itself.
You impale the jackal!!
You kill the jackal!
There is a stone staircase leading down here.
The helpless jackal fails to defend itself.
You impale the jackal!!
You kill the jackal!
You now have 28 gold pieces (gained 19).
Found a club.
Jessica the Apprentice Sorceress comes into view.
She is wielding a +0 dagger.
Jessica shouts!
You hit Jessica but do no damage. Jessica barely misses you.
You closely miss Jessica. Jessica hits you with a +0 dagger.
It was a potion of attraction.
You feel attractive to monsters. Jessica closely misses you.
Throw: throwing net
Press: ? - help, Shift-Dir - straight line, f - Jessica
Aim: Jessica, wielding a +0 dagger and wearing a +2 robe (60% to hit)
You throw a throwing net. The throwing net barely misses Jessica.
Jessica points at you and mumbles some strange words.
You feel yourself slow down. Jessica completely misses you.
Jessica points at you and mumbles some strange words.
Pain shoots through your body!
Ouch! That really hurt!
You die...

#.)................#
#.##..###.#.....<.##
##.###.##.....##
#...##.###...##
#...##.# ##+##
#...##.# #.###.###.#
#.....@...#
##....@(### #.##.#.#
#. #.#.# # #.#.#
..... #####


You could see Jessica.

Vanquished Creatures
  A hound zombie (D:5)
  A worm (D:2)
  A goblin (D:1)
  3 hobgoblins
  4 jackals (D:2)
  2 ball pythons
  2 bats (D:1)
  A frilled lizard (D:1)
  2 kobolds
  2 rats
19 creatures vanquished.

Notes
Turn   | Place    | Note
-------+----------+-------------------------------------------
     0 | D:5      | dinky3 the Spriggan Delver began the quest for the Orb.
     0 | D:5      | Reached XP level 1. HP: 11/11 MP: 2/2
    60 | D:5      | Found a staircase to the Ecumenical Temple.
    69 | Temple   | Entered the Ecumenical Temple
   129 | Temple   | Became a worshipper of Ru the Awakened
   191 | D:5      | Reached XP level 2. HP: 12/16 MP: 3/3
   298 | D:4      | Noticed a phantom
   346 | D:4      | Noticed Sigmund
   670 | D:1      | Reached XP level 3. HP: 13/19 MP: 4/4
   707 | D:2      | Noticed Jessica
   714 | D:2      | Killed from afar by Jessica

Illustrated notes

Levels and vault maps discovered:
D:1:      dpeg_arrival_tiny_i, layout_loops_corners,
          ebering_ecumenical_altar_sacrificial
D:2:      layout_loops_corners, uniq_jessica
D:3:      layout_loops_corners
D:4:      layout_basic, portal_sewer_entry_f, ebering_ghost_sewer_d,
          serial_shops, kennysheep_mini_moat, uniq_sigmund
D:5:      layout_cave_pods, nicolae_overflow_hidden_temple,
          minmay_temple_entry_mist, serial_shops, nicolae_diamond_shop,
          minmay_misc_feat_roman
Temple:   dpeg_five_rooms_temple

Skill      XL: |  1 |
---------------+----+-----
Dodging        | 3 |  3.2
Fighting       | |  2.7
Short Blades   | |  2.7
Stealth        | |  7.7

Action                   || total
-------------------------++-------
Melee: Short sword       ||    36
Throw: Throwing net      ||     1
Evoke: Wand              ||     2
  Use: Scroll            ||     1
       Potion            ||     1
 Stab: Sleeping          ||    14
Armor: Robe              ||     5
Dodge: Dodged            ||    27

Table legend: (Time is in decaauts)
 A = Elapsed time spent in this place.
 B = Non-inter-level travel time spent in this place.
 C = Inter-level travel time spent in this place.
 D = Time resting spent in this place.
 E = Time spent auto-exploring this place.
 F = Levels seen in this place.
 G = Mean time per level.
                   A        B        C        D        E       F      G
               +--------+--------+--------+--------+--------+-----+--------+
         Total |    462 |    462 |      0 |      0 |      0 |   6 |   77.0 |
       Dungeon |    392 |    392 |      0 |      0 |      0 |   5 |   78.4 |
        Temple |     69 |     69 |      0 |      0 |      0 |   1 |   69.0 |
               +--------+--------+--------+--------+--------+-----+--------+

Top non-repeatable levels by time:
     D:4: 106 daAuts
     D:1: 87 daAuts
     D:5: 78 daAuts
  Temple: 69 daAuts
     D:2: 63 daAuts
     D:3: 56 daAuts
